Montreal Canadiens vs Vancouver Canucks
Created - Friday, March 15, 2024 at 07:31
Goals
|
| Montreal Canadiens |
1 |
2 |
2 |
5 |
| Vancouver Canucks |
2 |
0 |
0 |
2 |
|
Shots
|
| Montreal Canadiens |
15 |
17 |
11 |
43 |
| Vancouver Canucks |
10 |
15 |
10 |
35 |
|
1st period
1. Vancouver Canucks , Artturi Lehkonen 12 (Noah Hanifin 6, Mikko Rantanen 12) at 1:02
2. Montreal Canadiens , Jamie Benn 3 (Patrik Laine 12, David Rittich) at 15:06 (SH)
3. Vancouver Canucks , Noah Cates 3 (Sam Lafferty 5) at 18:27
Penalties :
Clayton Keller (VAN) for Tripping (Minor) at 5:04, Tyler Myers (MTL) for Hooking (Minor) at 14:32
2nd period
4. Montreal Canadiens , Evgeni Dadonov 6 (Jonathan Marchessault 10) at 15:56
5. Montreal Canadiens , Filip Forsberg 13 (Jack Johnson 1, Martin Necas 14) at 18:11
Penalties :
No Penalty
3rd period
6. Montreal Canadiens , Filip Forsberg 14 (Jack Johnson 2, Dylan Larkin 20) at 9:33
7. Montreal Canadiens , Christian Fischer 5 (Evgeni Dadonov 10) at 14:59
Penalties :
Aleksander Barkov (VAN) for Tripping (Minor) at 9:52, Noah Hanifin (VAN) for Hooking (Minor) at 18:52
Goalie Stats
David Rittich (MTL), 33 saves from 35 shots - (0.943), W, 3-3-0, 60:00 minutes
Ville Husso (VAN), 38 saves from 43 shots - (0.884), L, 3-9-0, 60:00 minutes
Players Stats for Montreal Canadiens
Player Name G A P +/- PIM S H SB GA TA FO MP PP MP PK MP
------------------------------------------------------------------------------------
Adam Fox 0 0 0 0 0 4 0 1 1 1 0/0 22:25 2:42 1:05
Brady Skjei 0 0 0 0 0 2 1 1 0 1 0/0 22:25 2:42 1:05
Christian Fischer 1 0 1 2 0 2 0 1 0 1 1/6 13:23 0:00 0:00
Damon Severson 0 0 0 0 0 2 1 5 0 0 0/0 21:30 2:23 0:54
Dylan Larkin 0 1 1 1 0 3 0 0 1 1 17/26 19:21 2:55 0:56
Evgeni Dadonov 1 1 2 2 0 3 0 0 2 1 0/1 13:23 0:00 0:00
Filip Forsberg 2 0 2 1 0 8 1 1 1 1 1/1 18:25 2:55 0:00
Filip Hronek 0 0 0 3 0 1 0 3 1 2 0/0 16:05 0:00 0:00
Jack Johnson 0 2 2 3 0 2 2 1 0 1 0/0 17:10 0:00 0:54
Jamie Benn 1 0 1 1 0 3 0 0 0 0 2/3 19:10 2:10 1:03
Jonathan Marchessault 0 1 1 2 0 1 0 1 0 0 1/2 13:23 0:00 0:00
Martin Necas 0 1 1 1 0 4 0 0 2 0 0/0 18:25 2:55 0:00
Miles Wood 0 0 0 -1 0 0 1 0 2 1 0/0 8:06 0:00 0:00
Patrik Laine 0 1 1 1 0 4 0 2 1 0 2/2 19:10 2:10 1:03
Sidney Crosby 0 0 0 0 0 2 4 1 1 0 9/21 19:03 2:10 0:56
Tomas Nosek 0 0 0 -1 0 0 1 0 0 0 5/7 8:06 0:00 0:00
Tyler Myers 0 0 0 0 2 2 1 0 0 1 0/0 20:24 2:23 0:00
Vladislav Namestnikov 0 0 0 -1 0 0 0 0 1 0 0/0 8:06 0:00 0:00
Players Stats for Vancouver Canucks
Player Name G A P +/- PIM S H SB GA TA FO MP PP MP PK MP
------------------------------------------------------------------------------------
Adam Boqvist 0 0 0 -1 0 1 0 0 0 2 0/0 17:32 0:51 2:15
Aleksander Barkov 0 0 0 -1 2 5 1 1 2 1 13/26 17:26 0:59 1:27
Anton Lundell 0 0 0 0 0 0 0 1 0 0 0/0 14:05 0:00 0:33
Artturi Lehkonen 1 0 1 -1 0 6 2 1 1 1 1/3 19:03 1:00 2:05
Casey Mittelstadt 0 0 0 -2 0 0 2 0 0 0 1/1 16:59 1:00 0:58
Chad Ruhwedel 0 0 0 -2 0 1 2 4 0 1 0/0 18:51 0:51 2:19
Clayton Keller 0 0 0 0 2 3 0 2 1 0 0/1 18:11 0:59 1:13
Jacob Bryson 0 0 0 -2 0 0 0 1 0 2 0/0 16:25 0:00 0:44
Jake Bean 0 0 0 -1 0 0 1 0 0 2 0/0 14:26 0:00 0:00
Jesperi Kotkaniemi 0 0 0 0 0 4 1 1 1 0 7/16 14:52 0:00 1:27
Kasperi Kapanen 0 0 0 -2 0 0 0 0 0 0 0/0 15:54 1:00 0:00
Mikko Rantanen 0 1 1 0 0 5 4 0 0 0 7/15 19:25 0:59 2:27
Miro Heiskanen 0 0 0 0 0 1 2 5 2 2 0/0 26:43 1:08 2:46
Noah Cates 1 0 1 -1 0 3 0 0 0 0 2/7 8:31 0:00 0:00
Noah Hanifin 0 1 1 0 2 2 3 3 1 2 0/0 26:02 1:08 2:06
Robby Fabbri 0 0 0 -1 0 1 0 0 0 0 0/0 8:31 0:00 0:00
Sam Lafferty 0 1 1 -1 0 0 2 0 1 0 0/0 8:31 0:00 0:00
Taylor Raddysh 0 0 0 0 0 3 0 0 2 0 0/0 13:25 0:00 0:00
3 Stars
1 - Filip Forsberg (MTL)
2 - Jack Johnson (MTL)
3 - Evgeni Dadonov (MTL)
Power Play
Montreal Canadiens - 0 on 3 Attempt(s) - 0.00%
Vancouver Canucks - 0 on 1 Attempt(s) - 0.00%
Penalty Kill
Montreal Canadiens - 1 on 1 Attempt(s) - 100.00%
- Score 1 goal in Penalty Kill
Vancouver Canucks - 3 on 3 Attempt(s) - 100.00%
- Score 0 goal in Penalty Kill
Team Stat
Montreal Canadiens - Hits : 12 - Faceoff Wins : 38 - Blocked Shots : 17 - Penalty Minutes : 2
Vancouver Canucks - Hits : 20 - Faceoff Wins : 31 - Blocked Shots : 19 - Penalty Minutes : 6
Official
Referees : Brad Meier and Kevin Pollock
Linesman : Mark Wheler and Shane Heyer
Game Notes
No Game Note
Finance
Level 1 -- Attendance: 5040 (84.00%) -- Ticket Income $498,960
Level 2 -- Attendance: 3608 (72.16%) -- Ticket Income $212,872
Level 3 -- Attendance: 2537 (84.57%) -- Ticket Income $86,258
Level 4 -- Attendance: 3398 (67.96%) -- Ticket Income $81,552
Luxury Box -- Attendance: 772 (77.20%) -- Ticket Income $153,628
Game was played at the Rogers Arena.
Total Attendance: 15355 (76.78%)
Total Ticket Income: $1,033,270
Other Income: $361,644
Total Income: $1,394,914
Montreal Canadiens
5 vs 5 Forward
Center Left Wing Right Wing Time % Phy DF OF
1 Sidney Crosby Jamie Benn Patrik Laine 30 1 2 2
2 Dylan Larkin Filip Forsberg Martin Necas 30 1 2 2
3 Christian Fischer Jonathan Marchessault Evgeni Dadonov 25 1 2 2
4 Tomas Nosek Miles Wood Vladislav Namestnikov 15 1 2 2
5 vs 5 Defense
Defense Defense Time % Phy DF OF
1 Adam Fox Brady Skjei 35 1 2 2
2 Damon Severson Tyler Myers 35 1 2 2
3 Filip Hronek Jack Johnson 30 1 2 2
4 Adam Fox Brady Skjei 0 1 2 2
PowerPlay Forward
Center Left Wing Right Wing Time % Phy DF OF
1 Sidney Crosby Jamie Benn Patrik Laine 50 1 2 2
2 Dylan Larkin Filip Forsberg Martin Necas 50 1 2 2
PowerPlay Defense
Defense Defense Time % Phy DF OF
1 Adam Fox Brady Skjei 50 1 2 2
2 Damon Severson Tyler Myers 50 1 2 2
Penalty Kill 4 Players Forward
Center Wing Time % Phy DF OF
1 Sidney Crosby Dylan Larkin 50 1 2 2
2 Jamie Benn Patrik Laine 50 1 2 2
Penalty Kill 4 Players Defense
Defense Defense Time % Phy DF OF
1 Adam Fox Brady Skjei 50 1 2 2
2 Damon Severson Tyler Myers 50 1 2 2
Penalty Kill - 3 Players Forward
Forward Time % Phy DF OF
1 Sidney Crosby 50 1 2 2
2 Dylan Larkin 50 1 2 2
Penalty Kill - 3 Players Defense
Defense Defense Time % Phy DF OF
1 Adam Fox Brady Skjei 50 1 2 2
2 Damon Severson Tyler Myers 50 1 2 2
4 vs 4 Forward
Center Wing Time % Phy DF OF
1 Sidney Crosby Dylan Larkin 50 1 2 2
2 Jamie Benn Patrik Laine 50 1 2 2
4 vs 4 Defense
Defense Defense Time % Phy DF OF
1 Adam Fox Brady Skjei 50 1 2 2
2 Damon Severson Tyler Myers 50 1 2 2
Last Minutes Offensive
Center Left Wing Right Wing Defense Defense
Sidney Crosby Jamie Benn Patrik Laine Adam Fox Brady Skjei
Last Minutes Defensive
Center Left Wing Right Wing Defense Defense
Sidney Crosby Jamie Benn Patrik Laine Adam Fox Brady Skjei
Goaltenders
Starting : David Rittich
Backup : Jacob Markstrom
Extra Forwards
Normal : Tomas Nosek, Jonathan Marchessault, Evgeni Dadonov - PP : Tomas Nosek, Jonathan Marchessault - PK : Evgeni Dadonov
Extra Defensemen
Normal : Filip Hronek, Jack Johnson, Damon Severson - PP : Filip Hronek - PK : Jack Johnson, Damon Severson
Penalty Shots
Sidney Crosby, Dylan Larkin, Jamie Benn, Patrik Laine, Filip Forsberg
Vancouver Canucks
5 vs 5 Forward
Center Left Wing Right Wing Time % Phy DF OF
1 Mikko Rantanen Clayton Keller Artturi Lehkonen 30 1 2 2
2 Aleksander Barkov Casey Mittelstadt Kasperi Kapanen 30 1 2 2
3 Jesperi Kotkaniemi Anton Lundell Taylor Raddysh 25 1 2 2
4 Noah Cates Robby Fabbri Sam Lafferty 15 1 2 2
5 vs 5 Defense
Defense Defense Time % Phy DF OF
1 Noah Hanifin Miro Heiskanen 30 1 2 2
2 Chad Ruhwedel Jacob Bryson 30 1 2 2
3 Jake Bean Adam Boqvist 25 1 2 2
4 Noah Hanifin Miro Heiskanen 15 1 2 2
PowerPlay Forward
Center Left Wing Right Wing Time % Phy DF OF
1 Aleksander Barkov Clayton Keller Mikko Rantanen 50 1 2 2
2 Casey Mittelstadt Artturi Lehkonen Kasperi Kapanen 50 1 2 2
PowerPlay Defense
Defense Defense Time % Phy DF OF
1 Noah Hanifin Miro Heiskanen 50 1 2 2
2 Chad Ruhwedel Adam Boqvist 50 1 2 2
Penalty Kill 4 Players Forward
Center Wing Time % Phy DF OF
1 Aleksander Barkov Mikko Rantanen 50 1 2 2
2 Clayton Keller Artturi Lehkonen 50 1 2 2
Penalty Kill 4 Players Defense
Defense Defense Time % Phy DF OF
1 Noah Hanifin Miro Heiskanen 50 1 2 2
2 Chad Ruhwedel Adam Boqvist 50 1 2 2
Penalty Kill - 3 Players Forward
Forward Time % Phy DF OF
1 Aleksander Barkov 50 1 2 2
2 Mikko Rantanen 50 1 2 2
Penalty Kill - 3 Players Defense
Defense Defense Time % Phy DF OF
1 Noah Hanifin Miro Heiskanen 50 1 2 2
2 Chad Ruhwedel Adam Boqvist 50 1 2 2
4 vs 4 Forward
Center Wing Time % Phy DF OF
1 Aleksander Barkov Mikko Rantanen 50 1 2 2
2 Clayton Keller Artturi Lehkonen 50 1 2 2
4 vs 4 Defense
Defense Defense Time % Phy DF OF
1 Noah Hanifin Miro Heiskanen 50 1 2 2
2 Chad Ruhwedel Adam Boqvist 50 1 2 2
Last Minutes Offensive
Center Left Wing Right Wing Defense Defense
Aleksander Barkov Clayton Keller Mikko Rantanen Noah Hanifin Miro Heiskanen
Last Minutes Defensive
Center Left Wing Right Wing Defense Defense
Aleksander Barkov Clayton Keller Mikko Rantanen Noah Hanifin Miro Heiskanen
Goaltenders
Starting : Ville Husso
Backup : Joonas Korpisalo
Extra Forwards
Normal : Taylor Raddysh, Anton Lundell, Jesperi Kotkaniemi - PP : Taylor Raddysh, Anton Lundell - PK : Jesperi Kotkaniemi
Extra Defensemen
Normal : Jake Bean, Jacob Bryson, Chad Ruhwedel - PP : Jake Bean - PK : Jacob Bryson, Chad Ruhwedel
Penalty Shots
Aleksander Barkov, Mikko Rantanen, Clayton Keller, Artturi Lehkonen, Casey Mittelstadt
% Time on Ice - Montreal Canadiens
Lines # - Real PCT - Wanted PCT - Time Play
Normal Forward
1 - 30% - 30% - 15:57
2 - 29% - 30% - 15:30
3 - 25% - 25% - 13:23
4 - 15% - 15% - 8:06
Normal Defense
1 - 35% - 35% - 18:38
2 - 34% - 35% - 18:13
3 - 30% - 30% - 16:05
4 - 0% - 0% - 0:00
PP Forward
1 - 43% - 50% - 2:10
2 - 57% - 50% - 2:55
PP Defense
1 - 53% - 50% - 2:42
2 - 47% - 50% - 2:23
PK Forward
1 - 47% - 50% - 0:56
2 - 53% - 50% - 1:03
PK Defense
1 - 55% - 50% - 1:05
2 - 45% - 50% - 0:54
PK3 Forward
1 - 0% - 50%
2 - 0% - 50%
PK3 Defense
1 - 0% - 50%
2 - 0% - 50%
44 Forward
1 - 0% - 50%
2 - 0% - 50%
44 Defense
1 - 0% - 50%
2 - 0% - 50%
Last Minute Offensive - 0:00
Last Minute Defensive - 0:00
Total
Forward - 60:00
Defense - 60:00
|
% Time on Ice - Vancouver Canucks
Lines # - Real PCT - Wanted PCT - Time Play
Normal Forward
1 - 30% - 30% - 16:05
2 - 28% - 30% - 14:55
3 - 25% - 25% - 13:25
4 - 16% - 15% - 8:31
Normal Defense
1 - 30% - 30% - 16:02
2 - 30% - 30% - 15:41
3 - 27% - 25% - 14:26
4 - 13% - 15% - 6:47
PP Forward
1 - 50% - 50% - 0:59
2 - 50% - 50% - 1:00
PP Defense
1 - 57% - 50% - 1:08
2 - 43% - 50% - 0:51
PK Forward
1 - 54% - 50% - 2:44
2 - 46% - 50% - 2:21
PK Defense
1 - 54% - 50% - 2:46
2 - 46% - 50% - 2:19
PK3 Forward
1 - 0% - 50%
2 - 0% - 50%
PK3 Defense
1 - 0% - 50%
2 - 0% - 50%
44 Forward
1 - 0% - 50%
2 - 0% - 50%
44 Defense
1 - 0% - 50%
2 - 0% - 50%
Last Minute Offensive - 0:00
Last Minute Defensive - 0:00
Total
Forward - 60:00
Defense - 60:00
|
Play-by-Play
1st period
0:01 of 1st period - Mikko Rantanen wins face-off versus Sidney Crosby in neutral zone.
0:10 of 1st period - Snap shot by Mikko Rantanen.
0:10 of 1st period - Stopped by David Rittich with a rebound.
0:12 of 1st period - Slapshot by Noah Hanifin.
0:12 of 1st period - Stopped by David Rittich with a rebound.
0:56 of 1st period - Snap shot by Artturi Lehkonen.
0:56 of 1st period - Stopped by David Rittich with a rebound.
0:58 of 1st period - Slapshot by Noah Hanifin.
0:58 of 1st period - Stopped by David Rittich with a rebound.
1:02 of 1st period - Snap shot by Artturi Lehkonen.
1:02 of 1st period - Goal by Artturi Lehkonen - Montreal Canadiens : 0 - Vancouver Canucks : 1.
1:03 of 1st period - Aleksander Barkov wins face-off versus Tomas Nosek in neutral zone.
1:06 of 1st period - Damon Severson is hit by Chad Ruhwedel and loses puck.
1:28 of 1st period - Anton Lundell is hit by Tyler Myers and loses puck.
2:57 of 1st period - Christian Fischer is hit by Sam Lafferty and loses puck.
3:06 of 1st period - Wrist shot by Sam Lafferty.
3:06 of 1st period - Shot Misses the Net.
3:42 of 1st period - Icing by Jake Bean.
3:43 of 1st period - Sidney Crosby wins face-off versus Jesperi Kotkaniemi in Vancouver Canucks zone.
3:46 of 1st period - Snap shot by Sidney Crosby.
3:46 of 1st period - Stopped by Ville Husso with a rebound.
3:48 of 1st period - Wrist shot by Jack Johnson.
3:48 of 1st period - Stopped by Ville Husso with a rebound.
4:00 of 1st period - Snap shot by Patrik Laine.
4:00 of 1st period - Shot Misses the Net.
5:04 of 1st period - Minor Penalty to Clayton Keller for Tripping.
5:05 of 1st period - Jamie Benn wins face-off versus Aleksander Barkov in Vancouver Canucks zone.
5:09 of 1st period - Snap shot by Jamie Benn.
5:09 of 1st period - Shot Misses the Net.
5:40 of 1st period - Miro Heiskanen is hit by Brady Skjei and loses puck.
5:53 of 1st period - Artturi Lehkonen is hit by Sidney Crosby and loses puck.
7:04 of 1st period - Penalty to Clayton Keller is over, Clayton Keller is back on ice.
7:19 of 1st period - Wrist shot by Jonathan Marchessault.
7:19 of 1st period - Shot Misses the Net.
7:21 of 1st period - Snap shot by Christian Fischer.
7:21 of 1st period - Stopped by Ville Husso with a rebound.
7:23 of 1st period - Slapshot by Tyler Myers.
7:23 of 1st period - Stopped by Ville Husso with a rebound.
7:33 of 1st period - Slapshot by Jesperi Kotkaniemi.
7:33 of 1st period - Deflect By Taylor Raddysh.
7:33 of 1st period - Shot Misses the Net.
7:33 of 1st period - Puck is out of play.
7:34 of 1st period - Tomas Nosek wins face-off versus Jesperi Kotkaniemi in Montreal Canadiens zone.
8:04 of 1st period - Miro Heiskanen is hit by Sidney Crosby and loses puck.
8:52 of 1st period - Wrist shot by Artturi Lehkonen.
8:52 of 1st period - Stopped by David Rittich with a rebound.
9:08 of 1st period - Clayton Keller is hit by Miles Wood and loses puck.
9:17 of 1st period - Brady Skjei is hit by Artturi Lehkonen and loses puck.
9:26 of 1st period - Snap shot by Mikko Rantanen.
9:26 of 1st period - Stopped by David Rittich without a rebound.
9:27 of 1st period - Aleksander Barkov wins face-off versus Sidney Crosby in Montreal Canadiens zone.
9:59 of 1st period - Snap shot by Martin Necas.
9:59 of 1st period - Stopped by Ville Husso without a rebound.
10:00 of 1st period - Dylan Larkin wins face-off versus Aleksander Barkov in Vancouver Canucks zone.
10:07 of 1st period - Snap shot by Filip Forsberg.
10:07 of 1st period - Stopped by Ville Husso with a rebound.
10:17 of 1st period - Snap shot by Filip Forsberg.
10:17 of 1st period - Stopped by Ville Husso without a rebound.
10:18 of 1st period - Sidney Crosby wins face-off versus Mikko Rantanen in Vancouver Canucks zone.
12:13 of 1st period - Tyler Myers is hit by Miro Heiskanen and loses puck.
12:22 of 1st period - Wrist shot by Taylor Raddysh.
12:22 of 1st period - Shot Misses the Net.
12:50 of 1st period - Miro Heiskanen is hit by Sidney Crosby and loses puck.
12:57 of 1st period - Snap shot by Patrik Laine.
12:57 of 1st period - Deflect By Jamie Benn.
12:57 of 1st period - Shot Misses the Net.
12:57 of 1st period - Puck is out of play.
12:58 of 1st period - Dylan Larkin wins face-off versus Artturi Lehkonen in Vancouver Canucks zone.
12:59 of 1st period - Snap shot by Martin Necas.
12:59 of 1st period - Shot Blocked by Clayton Keller.
13:49 of 1st period - Wrist shot by Jesperi Kotkaniemi.
13:49 of 1st period - Stopped by David Rittich without a rebound.
13:50 of 1st period - Jesperi Kotkaniemi wins face-off versus Christian Fischer in Montreal Canadiens zone.
14:04 of 1st period - Snap shot by Adam Fox.
14:04 of 1st period - Stopped by Ville Husso with a rebound.
14:06 of 1st period - Snap shot by Brady Skjei.
14:06 of 1st period - Stopped by Ville Husso with a rebound.
14:08 of 1st period - Wrist shot by Christian Fischer.
14:08 of 1st period - Deflect By Noah Hanifin.
14:08 of 1st period - Shot Misses the Net.
14:08 of 1st period - Puck is out of play.
14:09 of 1st period - Dylan Larkin wins face-off versus Mikko Rantanen in Vancouver Canucks zone.
14:32 of 1st period - Minor Penalty to Tyler Myers for Hooking.
14:33 of 1st period - Aleksander Barkov wins face-off versus Sidney Crosby in Montreal Canadiens zone.
15:06 of 1st period - Snap shot by Patrik Laine.
15:06 of 1st period - Deflect By Jamie Benn.
15:06 of 1st period - Goal by Jamie Benn - Montreal Canadiens : 1 - Vancouver Canucks : 1.
15:07 of 1st period - Sidney Crosby wins face-off versus Artturi Lehkonen in neutral zone.
15:17 of 1st period - Off-side.
15:18 of 1st period - Casey Mittelstadt wins face-off versus Jamie Benn in neutral zone.
16:32 of 1st period - Penalty to Tyler Myers is over, Tyler Myers is back on ice.
16:38 of 1st period - Wrist shot by Jesperi Kotkaniemi.
16:38 of 1st period - Shot Blocked by Damon Severson.
16:40 of 1st period - Slapshot by Jacob Bryson.
16:40 of 1st period - Shot Blocked by Christian Fischer.
16:42 of 1st period - Wrist shot by Anton Lundell.
16:42 of 1st period - Deflect By Taylor Raddysh.
16:42 of 1st period - Shot Blocked by Jack Johnson.
16:42 of 1st period - Puck is out of play.
16:43 of 1st period - Jesperi Kotkaniemi wins face-off versus Jonathan Marchessault in Montreal Canadiens zone.
16:53 of 1st period - Slapshot by Taylor Raddysh.
16:53 of 1st period - Shot Misses the Net.
16:59 of 1st period - Christian Fischer is hit by Chad Ruhwedel and loses puck.
17:48 of 1st period - Backhand shot by Martin Necas.
17:48 of 1st period - Stopped by Ville Husso with a rebound.
18:00 of 1st period - Slapshot by Artturi Lehkonen.
18:00 of 1st period - Stopped by David Rittich with a rebound.
18:02 of 1st period - Wrist shot by Clayton Keller.
18:02 of 1st period - Shot Blocked by Filip Hronek.
18:27 of 1st period - Slapshot by Noah Cates.
18:27 of 1st period - Goal by Noah Cates - Montreal Canadiens : 1 - Vancouver Canucks : 2.
18:28 of 1st period - Sidney Crosby wins face-off versus Aleksander Barkov in neutral zone.
18:33 of 1st period - Snap shot by Patrik Laine.
18:33 of 1st period - Stopped by Ville Husso with a rebound.
18:35 of 1st period - Wrist shot by Sidney Crosby.
18:35 of 1st period - Shot Misses the Net.
18:37 of 1st period - Wrist shot by Patrik Laine.
18:37 of 1st period - Deflect By Sidney Crosby.
18:37 of 1st period - Shot Blocked by Miro Heiskanen.
18:37 of 1st period - Puck is out of play.
18:38 of 1st period - Sidney Crosby wins face-off versus Aleksander Barkov in Vancouver Canucks zone.
18:43 of 1st period - Slapshot by Sidney Crosby.
18:43 of 1st period - Shot Misses the Net.
18:45 of 1st period - Snap shot by Adam Fox.
18:45 of 1st period - Stopped by Ville Husso with a rebound.
18:47 of 1st period - Wrist shot by Jamie Benn.
18:47 of 1st period - Shot Blocked by Noah Hanifin.
18:49 of 1st period - Wrist shot by Jamie Benn.
18:49 of 1st period - Stopped by Ville Husso with a rebound.
18:51 of 1st period - Snap shot by Jamie Benn.
18:51 of 1st period - Shot Blocked by Noah Hanifin.
18:53 of 1st period - Slapshot by Brady Skjei.
18:53 of 1st period - Shot Misses the Net.
18:55 of 1st period - Snap shot by Patrik Laine.
18:55 of 1st period - Stopped by Ville Husso without a rebound.
18:56 of 1st period - Mikko Rantanen wins face-off versus Dylan Larkin in Vancouver Canucks zone.
19:03 of 1st period - Damon Severson is hit by Mikko Rantanen and loses puck.
19:32 of 1st period - Slapshot by Aleksander Barkov.
19:32 of 1st period - Shot Blocked by Damon Severson.
19:34 of 1st period - Wrist shot by Aleksander Barkov.
19:34 of 1st period - Shot Blocked by Patrik Laine.
19:36 of 1st period - Snap shot by Kasperi Kapanen.
19:36 of 1st period - Shot Blocked by Patrik Laine.
19:56 of 1st period - Wrist shot by Noah Cates.
19:56 of 1st period - Deflect By Sam Lafferty.
19:56 of 1st period - Shot Misses the Net.
19:56 of 1st period - Puck is out of play.
19:57 of 1st period - Mikko Rantanen wins face-off versus Dylan Larkin in Montreal Canadiens zone.
Goals for this period are 1 for Montreal Canadiens vs 2 for Vancouver Canucks.
Shots for this period are 15 for Montreal Canadiens vs 10 for Vancouver Canucks.
2nd period
0:01 of 2nd period - Mikko Rantanen wins face-off versus Dylan Larkin in neutral zone.
0:11 of 2nd period - Snap shot by Dylan Larkin.
0:11 of 2nd period - Stopped by Ville Husso with a rebound.
0:24 of 2nd period - Icing by Brady Skjei.
0:25 of 2nd period - Sidney Crosby wins face-off versus Aleksander Barkov in Montreal Canadiens zone.
0:42 of 2nd period - Wrist shot by Patrik Laine.
0:42 of 2nd period - Stopped by Ville Husso with a rebound.
1:20 of 2nd period - Slapshot by Evgeni Dadonov.
1:20 of 2nd period - Shot Misses the Net.
2:18 of 2nd period - Wrist shot by Filip Forsberg.
2:18 of 2nd period - Shot Hit the Post.
2:40 of 2nd period - Snap shot by Jonathan Marchessault.
2:40 of 2nd period - Stopped by Ville Husso without a rebound.
2:41 of 2nd period - Jonathan Marchessault wins face-off versus Aleksander Barkov in Vancouver Canucks zone.
2:56 of 2nd period - Adam Fox is hit by Noah Hanifin and loses puck.
4:07 of 2nd period - Wrist shot by Evgeni Dadonov.
4:07 of 2nd period - Stopped by Ville Husso without a rebound.
4:08 of 2nd period - Sidney Crosby wins face-off versus Mikko Rantanen in Vancouver Canucks zone.
4:17 of 2nd period - Jamie Benn is hit by Mikko Rantanen and loses puck.
4:22 of 2nd period - Wrist shot by Artturi Lehkonen.
4:22 of 2nd period - Stopped by David Rittich without a rebound.
4:23 of 2nd period - Dylan Larkin wins face-off versus Aleksander Barkov in Montreal Canadiens zone.
4:39 of 2nd period - Off-side.
4:40 of 2nd period - Mikko Rantanen wins face-off versus Sidney Crosby in neutral zone.
4:51 of 2nd period - Slapshot by Mikko Rantanen.
4:51 of 2nd period - Stopped by David Rittich with a rebound.
5:07 of 2nd period - Brady Skjei is hit by Aleksander Barkov and loses puck.
5:14 of 2nd period - Wrist shot by Aleksander Barkov.
5:14 of 2nd period - Stopped by David Rittich without a rebound.
5:15 of 2nd period - Jesperi Kotkaniemi wins face-off versus Dylan Larkin in Montreal Canadiens zone.
5:20 of 2nd period - Slapshot by Jesperi Kotkaniemi.
5:20 of 2nd period - Shot Misses the Net.
5:22 of 2nd period - Slapshot by Chad Ruhwedel.
5:22 of 2nd period - Stopped by David Rittich without a rebound.
5:23 of 2nd period - Jesperi Kotkaniemi wins face-off versus Dylan Larkin in Montreal Canadiens zone.
5:24 of 2nd period - Slapshot by Miro Heiskanen.
5:24 of 2nd period - Stopped by David Rittich with a rebound.
5:26 of 2nd period - Snap shot by Anton Lundell.
5:26 of 2nd period - Deflect By Taylor Raddysh.
5:26 of 2nd period - Stopped by David Rittich without a rebound.
5:27 of 2nd period - Aleksander Barkov wins face-off versus Sidney Crosby in Montreal Canadiens zone.
5:30 of 2nd period - Snap shot by Aleksander Barkov.
5:30 of 2nd period - Stopped by David Rittich without a rebound.
5:31 of 2nd period - Patrik Laine wins face-off versus Aleksander Barkov in Montreal Canadiens zone.
5:55 of 2nd period - Icing by Noah Hanifin.
5:56 of 2nd period - Dylan Larkin wins face-off versus Aleksander Barkov in Vancouver Canucks zone.
5:59 of 2nd period - Snap shot by Martin Necas.
5:59 of 2nd period - Shot Blocked by Noah Hanifin.
6:23 of 2nd period - Slapshot by Casey Mittelstadt.
6:23 of 2nd period - Deflect By Aleksander Barkov.
6:23 of 2nd period - Shot Blocked by Sidney Crosby.
6:23 of 2nd period - Puck is out of play.
6:24 of 2nd period - Jamie Benn wins face-off versus Mikko Rantanen in Montreal Canadiens zone.
6:35 of 2nd period - Snap shot by Artturi Lehkonen.
6:35 of 2nd period - Shot Misses the Net.
6:45 of 2nd period - Snap shot by Patrik Laine.
6:45 of 2nd period - Shot Misses the Net.
6:47 of 2nd period - Slapshot by Damon Severson.
6:47 of 2nd period - Shot Blocked by Clayton Keller.
6:49 of 2nd period - Wrist shot by Jamie Benn.
6:49 of 2nd period - Stopped by Ville Husso without a rebound.
6:50 of 2nd period - Filip Forsberg wins face-off versus Jesperi Kotkaniemi in Vancouver Canucks zone.
7:01 of 2nd period - Snap shot by Martin Necas.
7:01 of 2nd period - Stopped by Ville Husso without a rebound.
7:02 of 2nd period - Dylan Larkin wins face-off versus Noah Cates in Vancouver Canucks zone.
7:09 of 2nd period - Snap shot by Dylan Larkin.
7:09 of 2nd period - Stopped by Ville Husso without a rebound.
7:10 of 2nd period - Dylan Larkin wins face-off versus Noah Cates in Vancouver Canucks zone.
7:13 of 2nd period - Slapshot by Dylan Larkin.
7:13 of 2nd period - Stopped by Ville Husso with a rebound.
7:37 of 2nd period - Wrist shot by Jesperi Kotkaniemi.
7:37 of 2nd period - Stopped by David Rittich with a rebound.
7:39 of 2nd period - Slapshot by Miro Heiskanen.
7:39 of 2nd period - Deflect By Taylor Raddysh.
7:39 of 2nd period - Shot Blocked by Filip Hronek.
7:39 of 2nd period - Puck is out of play.
7:40 of 2nd period - Mikko Rantanen wins face-off versus Sidney Crosby in Montreal Canadiens zone.
7:58 of 2nd period - Off-side.
7:59 of 2nd period - Tomas Nosek wins face-off versus Jesperi Kotkaniemi in neutral zone.
8:02 of 2nd period - Slapshot by Damon Severson.
8:02 of 2nd period - Stopped by Ville Husso with a rebound.
8:04 of 2nd period - Wrist shot by Tyler Myers.
8:04 of 2nd period - Shot Blocked by Miro Heiskanen.
8:06 of 2nd period - Wrist shot by Tyler Myers.
8:06 of 2nd period - Deflect By Jesperi Kotkaniemi.
8:06 of 2nd period - Stopped by Ville Husso without a rebound.
8:07 of 2nd period - Tomas Nosek wins face-off versus Jesperi Kotkaniemi in Vancouver Canucks zone.
8:32 of 2nd period - Wrist shot by Dylan Larkin.
8:32 of 2nd period - Shot Misses the Net.
8:34 of 2nd period - Snap shot by Martin Necas.
8:34 of 2nd period - Shot Misses the Net.
8:36 of 2nd period - Snap shot by Martin Necas.
8:36 of 2nd period - Shot Blocked by Miro Heiskanen.
8:42 of 2nd period - Snap shot by Filip Forsberg.
8:42 of 2nd period - Stopped by Ville Husso without a rebound.
8:43 of 2nd period - Patrik Laine wins face-off versus Mikko Rantanen in Vancouver Canucks zone.
8:56 of 2nd period - Snap shot by Patrik Laine.
8:56 of 2nd period - Stopped by Ville Husso without a rebound.
8:57 of 2nd period - Aleksander Barkov wins face-off versus Christian Fischer in Vancouver Canucks zone.
9:48 of 2nd period - Wrist shot by Noah Cates.
9:48 of 2nd period - Stopped by David Rittich without a rebound.
9:49 of 2nd period - Aleksander Barkov wins face-off versus Sidney Crosby in Montreal Canadiens zone.
10:45 of 2nd period - Snap shot by Filip Forsberg.
10:45 of 2nd period - Stopped by Ville Husso with a rebound.
11:42 of 2nd period - Icing by Aleksander Barkov.
11:43 of 2nd period - Dylan Larkin wins face-off versus Aleksander Barkov in Vancouver Canucks zone.
12:24 of 2nd period - Jacob Bryson is hit by Jack Johnson and loses puck.
12:50 of 2nd period - Icing by Casey Mittelstadt.
12:51 of 2nd period - Aleksander Barkov wins face-off versus Sidney Crosby in Vancouver Canucks zone.
13:04 of 2nd period - Adam Fox is hit by Casey Mittelstadt.
13:22 of 2nd period - Snap shot by Clayton Keller.
13:22 of 2nd period - Deflect By Artturi Lehkonen.
13:22 of 2nd period - Shot Blocked by Adam Fox.
13:22 of 2nd period - Puck is out of play.
13:23 of 2nd period - Artturi Lehkonen wins face-off versus Christian Fischer in Montreal Canadiens zone.
13:24 of 2nd period - Slapshot by Mikko Rantanen.
13:24 of 2nd period - Stopped by David Rittich with a rebound.
13:26 of 2nd period - Slapshot by Clayton Keller.
13:26 of 2nd period - Shot Blocked by Jonathan Marchessault.
13:28 of 2nd period - Slapshot by Adam Boqvist.
13:28 of 2nd period - Stopped by David Rittich with a rebound.
13:30 of 2nd period - Slapshot by Adam Boqvist.
13:30 of 2nd period - Shot Blocked by Damon Severson.
13:32 of 2nd period - Slapshot by Jake Bean.
13:32 of 2nd period - Shot Blocked by Damon Severson.
13:57 of 2nd period - Snap shot by Mikko Rantanen.
13:57 of 2nd period - Shot Misses the Net.
14:09 of 2nd period - Snap shot by Artturi Lehkonen.
14:09 of 2nd period - Shot Misses the Net.
14:11 of 2nd period - Snap shot by Clayton Keller.
14:11 of 2nd period - Stopped by David Rittich with a rebound.
14:29 of 2nd period - Slapshot by Sidney Crosby.
14:29 of 2nd period - Shot Blocked by Artturi Lehkonen.
14:35 of 2nd period - Patrik Laine is hit by Artturi Lehkonen and loses puck.
14:50 of 2nd period - Snap shot by Clayton Keller.
14:50 of 2nd period - Stopped by David Rittich with a rebound.
14:52 of 2nd period - Slapshot by Clayton Keller.
14:52 of 2nd period - Deflect By Mikko Rantanen.
14:52 of 2nd period - Shot Misses the Net.
14:52 of 2nd period - Puck is out of play.
14:53 of 2nd period - Jesperi Kotkaniemi wins face-off versus Tomas Nosek in Montreal Canadiens zone.
14:59 of 2nd period - Snap shot by Taylor Raddysh.
14:59 of 2nd period - Stopped by David Rittich with a rebound.
15:01 of 2nd period - Snap shot by Taylor Raddysh.
15:01 of 2nd period - Stopped by David Rittich with a rebound.
15:32 of 2nd period - Icing by Jack Johnson.
15:33 of 2nd period - Aleksander Barkov wins face-off versus Evgeni Dadonov in Montreal Canadiens zone.
15:56 of 2nd period - Wrist shot by Evgeni Dadonov.
15:56 of 2nd period - Goal by Evgeni Dadonov - Montreal Canadiens : 2 - Vancouver Canucks : 2.
15:57 of 2nd period - Tomas Nosek wins face-off versus Jesperi Kotkaniemi in neutral zone.
16:28 of 2nd period - Slapshot by Martin Necas.
16:28 of 2nd period - Shot Misses the Net.
16:30 of 2nd period - Slapshot by Filip Forsberg.
16:30 of 2nd period - Shot Blocked by Miro Heiskanen.
16:32 of 2nd period - Snap shot by Adam Fox.
16:32 of 2nd period - Stopped by Ville Husso with a rebound.
17:14 of 2nd period - Snap shot by Aleksander Barkov.
17:14 of 2nd period - Deflect By Filip Hronek.
17:14 of 2nd period - Shot Misses the Net.
17:14 of 2nd period - Puck is out of play.
17:15 of 2nd period - Jesperi Kotkaniemi wins face-off versus Christian Fischer in Montreal Canadiens zone.
18:03 of 2nd period - Wrist shot by Evgeni Dadonov.
18:03 of 2nd period - Deflect By Jesperi Kotkaniemi.
18:03 of 2nd period - Shot Blocked by Chad Ruhwedel.
18:03 of 2nd period - Puck is out of play.
18:04 of 2nd period - Dylan Larkin wins face-off versus Noah Cates in Vancouver Canucks zone.
18:07 of 2nd period - Snap shot by Filip Forsberg.
18:07 of 2nd period - Shot Misses the Net.
18:09 of 2nd period - Snap shot by Martin Necas.
18:09 of 2nd period - Stopped by Ville Husso with a rebound.
18:11 of 2nd period - Wrist shot by Jack Johnson.
18:11 of 2nd period - Deflect By Filip Forsberg.
18:11 of 2nd period - Goal by Filip Forsberg - Montreal Canadiens : 3 - Vancouver Canucks : 2.
18:12 of 2nd period - Dylan Larkin wins face-off versus Noah Cates in neutral zone.
18:39 of 2nd period - Patrik Laine is hit by Jesperi Kotkaniemi and loses puck.
19:06 of 2nd period - Clayton Keller is hit by Tomas Nosek and loses puck.
19:18 of 2nd period - Icing by Clayton Keller.
19:19 of 2nd period - Christian Fischer wins face-off versus Aleksander Barkov in Vancouver Canucks zone.
Goals for this period are 2 for Montreal Canadiens vs 0 for Vancouver Canucks.
Shots for this period are 17 for Montreal Canadiens vs 15 for Vancouver Canucks.
3rd period
0:01 of 3rd period - Sidney Crosby wins face-off versus Mikko Rantanen in neutral zone.
1:36 of 3rd period - Off-side.
1:37 of 3rd period - Dylan Larkin wins face-off versus Noah Cates in neutral zone.
1:44 of 3rd period - Wrist shot by Dylan Larkin.
1:44 of 3rd period - Shot Blocked by Chad Ruhwedel.
1:46 of 3rd period - Wrist shot by Martin Necas.
1:46 of 3rd period - Shot Blocked by Chad Ruhwedel.
1:48 of 3rd period - Snap shot by Dylan Larkin.
1:48 of 3rd period - Shot Misses the Net.
2:09 of 3rd period - Jesperi Kotkaniemi is hit by Sidney Crosby and loses puck.
2:50 of 3rd period - Wrist shot by Robby Fabbri.
2:50 of 3rd period - Stopped by David Rittich without a rebound.
2:51 of 3rd period - Sidney Crosby wins face-off versus Jesperi Kotkaniemi in Montreal Canadiens zone.
2:56 of 3rd period - Taylor Raddysh is hit by Damon Severson and loses puck.
3:37 of 3rd period - Wrist shot by Jesperi Kotkaniemi.
3:37 of 3rd period - Shot Misses the Net.
3:39 of 3rd period - Snap shot by Anton Lundell.
3:39 of 3rd period - Shot Blocked by Filip Hronek.
4:01 of 3rd period - Backhand shot by Chad Ruhwedel.
4:01 of 3rd period - Shot Misses the Net.
4:03 of 3rd period - Wrist shot by Jesperi Kotkaniemi.
4:03 of 3rd period - Shot Misses the Net.
4:05 of 3rd period - Snap shot by Anton Lundell.
4:05 of 3rd period - Shot Misses the Net.
4:07 of 3rd period - Snap shot by Jesperi Kotkaniemi.
4:07 of 3rd period - Shot Misses the Net.
4:09 of 3rd period - Backhand shot by Jesperi Kotkaniemi.
4:09 of 3rd period - Stopped by David Rittich without a rebound.
4:10 of 3rd period - Dylan Larkin wins face-off versus Aleksander Barkov in Montreal Canadiens zone.
4:10 of 3rd period - Dylan Larkin is hit by Noah Hanifin.
4:25 of 3rd period - Wrist shot by Filip Forsberg.
4:25 of 3rd period - Shot Misses the Net.
4:27 of 3rd period - Wrist shot by Adam Fox.
4:27 of 3rd period - Shot Blocked by Aleksander Barkov.
4:39 of 3rd period - Snap shot by Sidney Crosby.
4:39 of 3rd period - Shot Blocked by Miro Heiskanen.
4:41 of 3rd period - Slapshot by Brady Skjei.
4:41 of 3rd period - Stopped by Ville Husso with a rebound.
4:43 of 3rd period - Snap shot by Jamie Benn.
4:43 of 3rd period - Deflect By Sidney Crosby.
4:43 of 3rd period - Shot Misses the Net.
4:43 of 3rd period - Puck is out of play.
4:44 of 3rd period - Noah Cates wins face-off versus Sidney Crosby in Vancouver Canucks zone.
5:35 of 3rd period - Slapshot by Damon Severson.
5:35 of 3rd period - Stopped by Ville Husso with a rebound.
5:55 of 3rd period - Damon Severson is hit by Sam Lafferty and loses puck.
6:04 of 3rd period - Slapshot by Miro Heiskanen.
6:04 of 3rd period - Shot Misses the Net.
6:16 of 3rd period - Snap shot by Patrik Laine.
6:16 of 3rd period - Shot Misses the Net.
6:18 of 3rd period - Slapshot by Jamie Benn.
6:18 of 3rd period - Shot Blocked by Jesperi Kotkaniemi.
6:20 of 3rd period - Slapshot by Adam Fox.
6:20 of 3rd period - Stopped by Ville Husso without a rebound.
6:21 of 3rd period - Jesperi Kotkaniemi wins face-off versus Sidney Crosby in Vancouver Canucks zone.
6:38 of 3rd period - Wrist shot by Adam Fox.
6:38 of 3rd period - Shot Blocked by Anton Lundell.
6:40 of 3rd period - Wrist shot by Patrik Laine.
6:40 of 3rd period - Shot Blocked by Chad Ruhwedel.
6:42 of 3rd period - Wrist shot by Sidney Crosby.
6:42 of 3rd period - Stopped by Ville Husso with a rebound.
6:44 of 3rd period - Wrist shot by Jamie Benn.
6:44 of 3rd period - Deflect By Anton Lundell.
6:44 of 3rd period - Shot Blocked by Jacob Bryson.
6:44 of 3rd period - Puck is out of play.
6:45 of 3rd period - Aleksander Barkov wins face-off versus Dylan Larkin in Vancouver Canucks zone.
7:00 of 3rd period - Snap shot by Filip Forsberg.
7:00 of 3rd period - Shot Misses the Net.
7:02 of 3rd period - Wrist shot by Dylan Larkin.
7:02 of 3rd period - Shot Misses the Net.
8:15 of 3rd period - Brady Skjei is hit by Casey Mittelstadt and loses puck.
8:46 of 3rd period - Snap shot by Mikko Rantanen.
8:46 of 3rd period - Deflect By Clayton Keller.
8:46 of 3rd period - Shot Misses the Net.
8:46 of 3rd period - Puck is out of play.
8:47 of 3rd period - Mikko Rantanen wins face-off versus Dylan Larkin in Montreal Canadiens zone.
8:54 of 3rd period - Snap shot by Mikko Rantanen.
8:54 of 3rd period - Stopped by David Rittich without a rebound.
8:55 of 3rd period - Dylan Larkin wins face-off versus Mikko Rantanen in Montreal Canadiens zone.
9:00 of 3rd period - Jacob Bryson is hit by Jack Johnson and loses puck.
9:21 of 3rd period - Snap shot by Dylan Larkin.
9:21 of 3rd period - Shot Misses the Net.
9:23 of 3rd period - Wrist shot by Dylan Larkin.
9:23 of 3rd period - Shot Misses the Net.
9:25 of 3rd period - Slapshot by Jack Johnson.
9:25 of 3rd period - Stopped by Ville Husso with a rebound.
9:27 of 3rd period - Slapshot by Filip Forsberg.
9:27 of 3rd period - Stopped by Ville Husso with a rebound.
9:29 of 3rd period - Snap shot by Filip Forsberg.
9:29 of 3rd period - Shot Misses the Net.
9:31 of 3rd period - Snap shot by Filip Forsberg.
9:31 of 3rd period - Shot Misses the Net.
9:33 of 3rd period - Slapshot by Filip Forsberg.
9:33 of 3rd period - Goal by Filip Forsberg - Montreal Canadiens : 4 - Vancouver Canucks : 2.
9:34 of 3rd period - Aleksander Barkov wins face-off versus Sidney Crosby in neutral zone.
9:52 of 3rd period - Minor Penalty to Aleksander Barkov for Tripping.
9:53 of 3rd period - Dylan Larkin wins face-off versus Jesperi Kotkaniemi in Vancouver Canucks zone.
11:52 of 3rd period - Penalty to Aleksander Barkov is over, Aleksander Barkov is back on ice.
12:23 of 3rd period - Snap shot by Jesperi Kotkaniemi.
12:23 of 3rd period - Stopped by David Rittich without a rebound.
12:24 of 3rd period - Tomas Nosek wins face-off versus Jesperi Kotkaniemi in Montreal Canadiens zone.
12:29 of 3rd period - Damon Severson is hit by Jake Bean and loses puck.
12:50 of 3rd period - Snap shot by Clayton Keller.
12:50 of 3rd period - Shot Blocked by Damon Severson.
12:59 of 3rd period - Icing by Jacob Bryson.
13:00 of 3rd period - Dylan Larkin wins face-off versus Mikko Rantanen in Vancouver Canucks zone.
13:38 of 3rd period - Snap shot by Artturi Lehkonen.
13:38 of 3rd period - Stopped by David Rittich with a rebound.
13:40 of 3rd period - Snap shot by Clayton Keller.
13:40 of 3rd period - Stopped by David Rittich without a rebound.
13:41 of 3rd period - Aleksander Barkov wins face-off versus Dylan Larkin in Montreal Canadiens zone.
13:42 of 3rd period - Wrist shot by Kasperi Kapanen.
13:42 of 3rd period - Shot Misses the Net.
13:44 of 3rd period - Slapshot by Miro Heiskanen.
13:44 of 3rd period - Shot Misses the Net.
13:46 of 3rd period - Wrist shot by Kasperi Kapanen.
13:46 of 3rd period - Shot Blocked by Brady Skjei.
13:48 of 3rd period - Snap shot by Noah Hanifin.
13:48 of 3rd period - Shot Misses the Net.
13:50 of 3rd period - Wrist shot by Kasperi Kapanen.
13:50 of 3rd period - Shot Blocked by Filip Forsberg.
13:54 of 3rd period - Wrist shot by Aleksander Barkov.
13:54 of 3rd period - Stopped by David Rittich with a rebound.
13:56 of 3rd period - Slapshot by Aleksander Barkov.
13:56 of 3rd period - Stopped by David Rittich with a rebound.
14:27 of 3rd period - Backhand shot by Noah Cates.
14:27 of 3rd period - Stopped by David Rittich without a rebound.
14:28 of 3rd period - Noah Cates wins face-off versus Christian Fischer in Montreal Canadiens zone.
14:57 of 3rd period - Wrist shot by Evgeni Dadonov.
14:57 of 3rd period - Stopped by Ville Husso with a rebound.
14:59 of 3rd period - Wrist shot by Christian Fischer.
14:59 of 3rd period - Goal by Christian Fischer - Montreal Canadiens : 5 - Vancouver Canucks : 2.
15:00 of 3rd period - Aleksander Barkov wins face-off versus Dylan Larkin in neutral zone.
15:03 of 3rd period - Dylan Larkin is hit by Noah Hanifin and loses puck.
15:08 of 3rd period - Slapshot by Aleksander Barkov.
15:08 of 3rd period - Stopped by David Rittich with a rebound.
15:58 of 3rd period - Jonathan Marchessault is hit by Mikko Rantanen and loses puck.
16:14 of 3rd period - Wrist shot by Vladislav Namestnikov.
16:14 of 3rd period - Deflect By Miles Wood.
16:14 of 3rd period - Shot Misses the Net.
16:14 of 3rd period - Puck is out of play.
16:15 of 3rd period - Dylan Larkin wins face-off versus Aleksander Barkov in Vancouver Canucks zone.
16:42 of 3rd period - Brady Skjei is hit by Miro Heiskanen and loses puck.
17:36 of 3rd period - Wrist shot by Robby Fabbri.
17:36 of 3rd period - Shot Misses the Net.
18:14 of 3rd period - Snap shot by Filip Hronek.
18:14 of 3rd period - Stopped by Ville Husso with a rebound.
18:52 of 3rd period - Minor Penalty to Noah Hanifin for Hooking.
18:53 of 3rd period - Dylan Larkin wins face-off versus Clayton Keller in Vancouver Canucks zone.
18:59 of 3rd period - Snap shot by Filip Forsberg.
18:59 of 3rd period - Stopped by Ville Husso with a rebound.
19:15 of 3rd period - Martin Necas is hit by Mikko Rantanen and loses puck.
19:24 of 3rd period - Miro Heiskanen is hit by Filip Forsberg and loses puck.
19:49 of 3rd period - Off-side.
19:50 of 3rd period - Aleksander Barkov wins face-off versus Sidney Crosby in neutral zone.
Goals for this period are 2 for Montreal Canadiens vs 0 for Vancouver Canucks.
Shots for this period are 11 for Montreal Canadiens vs 10 for Vancouver Canucks.
Back to the Top